 Dungeon Crawl Stone Soup version 0.21-a0-401-g0b6bec4 (webtiles) character file.

75 nikopol the Firebug (level 4, -8/24 HPs)
             Began as a Deep Elf Fire Elementalist on Oct 21, 2017.
             Killed from afar by Sigmund (11 damage)
             ... with a puff of flame
             ... on level 2 of the Dungeon.
             The game lasted 00:08:38 (1500 turns).

nikopol the Firebug (Deep Elf Fire Elementalist)    Turns: 1500, Time: 00:08:39

Health: -8/24      AC:  2    Str:  5    XL:     4   Next: 11%
Magic:  2/11       EV: 13    Int: 21    God:
Gold:   79         SH:  0    Dex: 15    Spells: 4/10 levels left

rFire    . . .     SeeInvis .   p - +0 short sword
rCold    . . .     Gourm    .   (no shield)
rNeg     . . .     Faith    .   a - +0 robe
rPois    .         Spirit   .   (no helmet)
rElec    .         Reflect  .   (no cloak)
rCorr    .         Harm     .   (no gloves)
MR       .....                  (no boots)
Stlth    ++........             (no amulet)
HPRegen  0.08/turn              (no ring)
MPRegen  0.12/turn              (no ring)

@: no status effects
A: no striking features
a: no special abilities


You were on level 2 of the Dungeon.
You were not hungry.

You visited 1 branch of the dungeon, and saw 2 of its levels.

You collected 79 gold pieces.

Inventory:

Hand Weapons
 p - a +0 short sword (weapon)
Armour
 a - a +0 robe (worn)
Jewellery
 q - an uncursed ring of poison resistance {unknown}
 r - an uncursed ring of magical power {unknown}
Scrolls
 e - a scroll of magic mapping {unknown}
 h - 3 scrolls of identify {unknown}
 k - 2 scrolls of remove curse {unknown}
 l - 2 scrolls of recharging {unknown}
 o - 3 scrolls of teleportation {unknown}
 s - a scroll of blinking {unknown}
Potions
 d - a potion of curing {unknown}
 g - a potion of might {unknown}
 i - a potion of degeneration {unknown}
 j - a potion of brilliance {unknown}
 n - 2 potions of agility {unknown}
Books
 b - a book of Flames

   Spells                             Type                      Level
   a - Flame Tongue                   Conjuration/Fire             1
   b - Throw Flame                    Conjuration/Fire             2
   c - Conjure Flame                  Conjuration/Fire             3
   d - Inner Flame                    Hexes/Fire                   3
   e - Sticky Flame                   Conjuration/Fire             4
   f - Fireball                       Conjuration/Fire             5
Comestibles
 c - 3 bread rations
 f - 3 fruits
 m - a meat ration
 t - 2 chunks of flesh


   Skills:
 + Level 2.6 Dodging
 + Level 3.1 Stealth
 + Level 3.9 Spellcasting
 + Level 1.7 Conjurations
 + Level 4.4 Fire Magic


You had 4 spell levels left.
You knew the following spells:

 Your Spells              Type           Power        Failure   Level  Hunger
a - Flame Tongue          Conj/Fire      ###..        3%          1    None
b - Throw Flame           Conj/Fire      ###...       4%          2    #......
c - Conjure Flame         Conj/Fire      ###.....     10%         3    ###....


Dungeon Overview and Level Annotations

Branches:
Dungeon (2/15)

Altars:

Annotations:
D:2 Sigmund


Message History

Press: ? - help, Shift-Dir - straight line, f/p - Sigmund
Aim: Sigmund, wielding a scythe and wearing a robe (heavily wounded)
The flame tongue hits Sigmund.
Sigmund is severely wounded.
Casting: Flame Tongue
Confirm with . or Enter, or press ? or * to list all spells.
Aiming: Flame Tongue
Press: ? - help, Shift-Dir - straight line, f/p - Sigmund
Aim: Sigmund, wielding a scythe and wearing a robe (severely wounded)
The flame tongue hits Sigmund.
Sigmund is almost dead.
Sigmund gestures wildly while chanting.
Sigmund flickers and vanishes!
Deactivating autopickup; reactivate with Ctrl-A.
A puff of flame appears from out of thin air!
The puff of flame hits you!
* * * LOW HITPOINT WARNING * * *
A puff of flame appears from out of thin air!
The puff of flame hits you!
You die...

#.........#
#.#####...########### #.#
##.##.........####### #.#
#.##.#######.......#
#.######.##.#############.#
.........##............##.#
..#####..##..#########.##.##
#.# #..........#####.#...###
..#
##.##..###@............##
..## #.#...#
#######.#...##.#
...#####.#.#.#####
#.##.###.#
>................#
###.##.###.#
..######.#.#.###.#
#..(......<### #.#
#.#.#.###.###.#..........#
#.#
#.#.#........#..######.#.#
#.# #.#.#####.###.#.# #.#.#
#.# #.....# #.# #.#.# #.#.#


There were no monsters in sight!

Vanquished Creatures
  Natasha (D:2)
  An adder (D:2)
  A worm (D:2)
  2 dart slugs
  A leopard gecko (D:2)
  2 bats
  A giant cockroach (D:2)
  3 goblins
  6 hobgoblins
  A ball python (D:1)
  A frilled lizard (D:1)
  7 kobolds
  6 rats
33 creatures vanquished.

Notes
Turn   | Place    | Note
-------+----------+-------------------------------------------
     0 | D:1      | nikopol the Deep Elf Fire Elementalist began the quest for the Orb.
     0 | D:1      | Reached XP level 1. HP: 10/10 MP: 6/6
   133 | D:1      | Reached XP level 2. HP: 11/15 MP: 6/8
   137 | D:1      | Learned a level 2 spell: Throw Flame
   697 | D:2      | Reached skill level 4 in Fire Magic
   760 | D:2      | Found a faded altar of an unknown god.
   829 | D:2      | Reached XP level 3. HP: 19/19 MP: 6/9
   842 | D:2      | Learned a level 3 spell: Conjure Flame
   973 | D:2      | Noticed Natasha
   977 | D:2      | Noticed Sigmund
   983 | D:2      | Killed Natasha
  1174 | D:2      | Reached XP level 4. HP: 19/24 MP: 7/11
  1500 | D:2      | Killed from afar by Sigmund

Vault maps used:
D:1:      eino_arrival_water_cross
D:2:      chequers_ecumenical_altar_simple_redux, uniq_sigmund, uniq_natasha

Skill      XL: |  1  2  3  4 |
---------------+-------------+-----
Fire Magic     | 4 |  4.4
Stealth        | 3 |  3.1
Dodging        | |  2.6
Spellcasting   | |  3.9
Conjurations   | |  1.7

Action                   |  1- 3 |  4- 6 || total
-------------------------+-------+-------++-------
 Cast: Flame Tongue      |    60 |     9 ||    69
       Throw Flame       |     3 |     3 ||     6
       Conjure Flame     |       |     1 ||     1
  Eat: Chunk             |     1 |     1 ||     2
Dodge: Dodged            |    13 |     1 ||    14

Table legend:
 A = Spawn XP
 B = Non-spawn XP
 C = Spawn XP percentage of total XP
 D = Spawn monster count
 E = Non-spawn monster count
 F = Spawn count percentage of total count
 G = Total turns spent on level
                    A         B        C        D         E        F      G
               +---------+---------+-------+---------+---------+-------+---------
         Total |       0 |     108 |   0.0 |       0 |      33 |   0.0 |  1500
               +---------+---------+-------+---------+---------+-------+---------
           D:1 |       0 |      31 |   0.0 |       0 |      18 |   0.0 |   788
           D:2 |       0 |      77 |   0.0 |       0 |      15 |   0.0 |   712
               +---------+---------+-------+---------+---------+-------+---------
